 Dungeon Crawl Stone Soup version 0.29-a0-824-gd827844252 (webtiles) character file.

Game seed: 5509478093766147819

1533 Armakuni the Cruncher (level 8, 0/66 HPs)
             Began as a Demigod Gladiator on July 10, 2022.
             Slain by Maggie
             ... wielding a +0 halberd of flaming
              (5 damage)
             ... on level 6 of the Dungeon.
             The game lasted 00:10:35 (6600 turns).

Armakuni the Cruncher (Demigod Gladiator)           Turns: 6600, Time: 00:10:36

Health: 0/66       AC: 10    Str: 17    XL:     8   Next: 30%
Magic:  10/10      EV: 10    Int: 22    God:
Gold:   231        SH:  0    Dex: 15    Spells: 7/7 levels left

rFire   + + .      SeeInvis .   a - +8 mace of Mastery {pain, Fragile Str+2 Int+4}
rCold   . . .      Faith    .   (no shield)
rNeg    . . .      Spirit   .   z - +2 scale mail {rF+}
rPois   .          Reflect  .   c - +1 helmet
rElec   .          Harm     .   (no cloak)
rCorr   .          Rampage  .   (no gloves)
Will    .....                   (no boots)
Stlth   ..........              (no amulet)
HPRegen 0.21/turn               F - ring of protection from fire
MPRegen 0.12/turn               (no ring)

@: mesmerised
A: high MP 1, forlorn, divine attributes
a: no special abilities


You were on level 6 of the Dungeon.
You visited 1 branch of the dungeon, and saw 6 of its levels.

You collected 231 gold pieces.

Inventory:

Hand Weapons
 a - the +8 mace of Mastery (weapon) {pain, Fragile Str+2 Int+4}
   (You took it off an orc on level 4 of the Dungeon)

   In the hands of one skilled in necromantic magic, it inflicts extra damage on
   living creatures.
   Str:       It affects your strength (+2).
   Int:       It affects your intelligence (+4).
   Fragile:   It will be destroyed if unequipped.
 o - a +0 sling
 u - a +1 quarterstaff
Missiles
 d - 13 poisoned darts (quivered)
 e - 6 javelins
 r - 6 boomerangs
Armour
 c - a +1 helmet (worn)
 z - a +2 scale mail of fire resistance (worn)
Magical Staves
 b - a staff of earth
Jewellery
 F - a ring of protection from fire (left hand)
Wands
 v - a wand of flame (4)
Scrolls
 f - a scroll of poison
 j - a scroll of immolation
 k - a scroll of silence
 l - 3 scrolls of teleportation
 n - a scroll of blinking
 w - a scroll of enchant weapon
Potions
 g - a potion of curing
 s - a potion of flight {unknown}
 t - a potion of invisibility {unknown}
 x - a potion of haste {unknown}


   Skills:
 - Level 4.0 Fighting
 + Level 9.6 Staves
 - Level 1.7 Throwing
 - Level 2.6 Dodging


You had 7 spell levels left.
You didn't know any spells.
Your spell library contained the following spells:

 Spells                   Type           Power      Damage    Failure   Level
 Foxfire                  Conj/Fire      0%         2x1d4     52%         1
 Necrotise                Necr           0%         1d4       52%         1
 Conjure Flame            Conj/Fire      0%         6-21      88%         3
 Inner Flame              Hex/Fire       0%         N/A       88%         3
 Vampiric Draining        Necr           0%         2d6       88%         3
 Flame Wave               Conj/Fire      0%         2d4       99%         4
 Petrify                  Tmut/Erth      0%         N/A       99%         4
 Agony                    Necr           0%         N/A       100%        5
 Metabolic Englaciation   Hex/Ice        0%         N/A       100%        5
 Statue Form              Tmut/Erth      0%         N/A       100%        6


Dungeon Overview and Level Annotations

Branches:
Dungeon (6/15)
 Temple: D:4-7

Annotations:
D:6 Maggie


Innate Abilities, Weirdness & Mutations

You have an increased reservoir of magic. (+10% MP)
You shall have no god before yourself.
Your divine heritage dramatically boosts your attributes as you level up.


Message History

Maggie hits you with a +0 halberd of flaming!
Maggie burns you.
You completely miss Maggie.
Maggie is moderately wounded.
Maggie barely misses you.
Maggie hits you with a +0 halberd of flaming.
You hit Maggie.
Maggie is moderately wounded.
Maggie misses you.
You hit Maggie.
Maggie is moderately wounded.
Maggie barely misses you.
You thump Maggie!
Maggie is heavily wounded.
Maggie hits you with a +0 halberd of flaming.
You completely miss Maggie.
Maggie is heavily wounded.
Maggie hits you with a +0 halberd of flaming.
You hit Maggie.
Maggie is heavily wounded.
Maggie closely misses you.
You hit Maggie.
Maggie is severely wounded.
Maggie barely misses you.
You barely miss Maggie.
Maggie is severely wounded.
Maggie hits you with a +0 halberd of flaming!
* * * LOW HITPOINT WARNING * * *
Maggie burns you.
* * * LOW HITPOINT WARNING * * *
You thump Maggie!
Maggie is severely wounded.
Maggie hits you with a +0 halberd of flaming!
* * * LOW HITPOINT WARNING * * *
Maggie burns you.
* * * LOW HITPOINT WARNING * * *
You sock Maggie!
Maggie is almost dead.
Maggie hits you with a +0 halberd of flaming.
You die...

####### ......#
########## ......#
#........# ......#
#####........# #..#..
.............#
.....##########........#
#...............#.#.####
...##...########@.#.#####
..........<..)...@......#
##....#.#######...#.#####
#...###..# #...#.# #...
##.# #...#.# .... ..
###...# #.. #.. ##..# ...
... #..# #.> ....


You could see Maggie (mesmerising).

Vanquished Creatures
  A water moccasin (D:6)
  3 black bears
  An ice beast (D:5)
  A phantom (D:4)
  A gnoll sergeant (D:5)
  4 scorpions (D:5)
  2 howler monkeys
  A jelly (D:5)
  3 hounds
  5 orc priests
  Ijyb (D:3)
  5 orc wizards
  3 gnolls (D:5)
  7 adders
  2 shadow imps
  A white imp (D:5)
  A worm (D:2)
  2 dart slugs (D:1)
  17 orcs
  8 ball pythons
  3 endoplasms
  4 giant cockroaches
  7 goblins
  6 hobgoblins
  7 kobolds
  2 quokkas
  3 bats
  2 frilled lizards (D:1)
  2 rats
105 creatures vanquished.

Vanquished Creatures (others)
  2 plants (D:6)
2 creatures vanquished.

Grand Total: 107 creatures vanquished

Notes
Turn   | Place    | Note
-------+----------+-------------------------------------------
     0 | D:1      | Armakuni the Demigod Gladiator began the quest for the Orb.
     0 | D:1      | Reached XP level 1. HP: 17/17 MP: 3/3
   174 | D:1      | Reached skill level 3 in Staves
   195 | D:1      | Reached XP level 2. HP: 16/24 MP: 4/4
   968 | D:2      | Reached XP level 3. HP: 13/29 MP: 5/5
  1372 | D:2      | Reached skill level 4 in Staves
  1949 | D:3      | Reached XP level 4. HP: 17/37 MP: 6/6
  2138 | D:3      | Noticed Ijyb
  2163 | D:3      | Killed Ijyb
  2707 | D:3      | Reached XP level 5. HP: 42/45 MP: 7/7
  3062 | D:4      | Reached skill level 5 in Staves
  3497 | D:4      | Identified the +8 mace of Mastery {pain, Fragile Str+2
                  | Int+4}
  3513 | D:4      | Reached skill level 6 in Staves
  3513 | D:4      | Reached XP level 6. HP: 32/51 MP: 8/8
  4329 | D:5      | Entered Level 5 of the Dungeon
  4648 | D:5      | Reached skill level 7 in Staves
  4860 | D:5      | Reached XP level 7. HP: 57/57 MP: 9/9
  4882 | D:5      | Reached skill level 8 in Staves
  5908 | D:6      | Reached XP level 8. HP: 55/66 MP: 10/10
  5913 | D:6      | Noticed Maggie
  5941 | D:5      | Reached skill level 9 in Staves
  6600 | D:6      | Slain by Maggie

Illustrated notes

Levels and vault maps discovered:
D:1:      dpeg_arrival_solitude, layout_basic, chequers_ecumenical_altar_island
D:2:      layout_basic
D:3:      layout_basic, nicolae_concentric_dashed_squares_wild, uniq_ijyb
D:4:      layout_rooms, mainiacjoe_overflow_catwalk, lemuel_crystal_altar
D:5:      layout_basic, grunt_qazlal_sundering, mainiacjoe_overflow_24_doors,
          water_boxes_lemuel
D:6:      layout_rooms, minmay_temple_entry_junction_2, serial_bayou_pond_d,
          uniq_eustachio, uniq_maggie

Skill      XL: |  1  2  3  4  5  6  7  8 |
---------------+-------------------------+-----
Fighting       | 2 3 4 |  4.0
Staves         | 3 4 6 7 8 9 |  9.6
Throwing       | |  1.7
Dodging        | |  2.6

Action                   |  1- 3 |  4- 6 |  7- 9 || total
-------------------------+-------+-------+-------++-------
Melee: Quarterstaff      |   106 |   117 |       ||   223
       Mace              |       |    42 |    86 ||   128
       Punch             |       |       |     1 ||     1
Throw: Throwing net      |       |     4 |       ||     4
       Dart              |       |    12 |     8 ||    20
Evoke: Wand              |       |     2 |       ||     2
  Use: Scroll            |     3 |     8 |     3 ||    14
       Potion            |       |     3 |     4 ||     7
 Stab: Held in net/web   |       |     6 |       ||     6
Armor: Leather armour    |    38 |     1 |       ||    39
       Ring mail         |       |    36 |       ||    36
       Scale mail        |       |     1 |    59 ||    60
Dodge: Dodged            |    65 |    73 |    68 ||   206

Table legend: (Time is in decaauts)
 A = Elapsed time spent in this place.
 B = Non-inter-level travel time spent in this place.
 C = Inter-level travel time spent in this place.
 D = Time resting spent in this place.
 E = Time spent auto-exploring this place.
 F = Levels seen in this place.
 G = Mean time per level.
                   A        B        C        D        E       F      G
               +--------+--------+--------+--------+--------+-----+--------+
         Total |   6639 |   6393 |    246 |   2109 |   3162 |   6 | 1106.5 |
       Dungeon |   6639 |   6393 |    246 |   2109 |   3162 |   6 | 1106.5 |
               +--------+--------+--------+--------+--------+-----+--------+

Top non-repeatable levels by time:
     D:5: 1997 daAuts
     D:4: 1335 daAuts
     D:3: 1234 daAuts
     D:1: 960 daAuts
     D:2: 823 daAuts
     D:6: 287 daAuts
